Map: Moondance

Players

Kelazhur - Winner!

  • Race: Terran Terran
  • League: Master
  • Spawn Location: 6:00

Harstem

  • Race: Protoss Protoss
  • League: Master
  • Spawn Location: 12:00

VOD

Have the link to the VOD?

Description

Time

  • Played on: Oct. 19, 2022, 3:32 p.m.
  • Length: 18:41
Show
View Real Time Build Order
Export as new Build Order

Kelazhur Terran - Winner!

Build Orders:  

Get SALT Encoding   

  12  0:00  SCV  
  13  0:12  SCV  
  14  0:18  Supply Depot  
  14  0:24  SCV  
  15  0:39  SCV  
  15  0:40  Barracks  
  16  0:45  Refinery  
  16  0:51  SCV  
  16  0:56  Refinery  
  17  1:03  SCV  
  18  1:16  SCV  
  19  1:28  SCV  
  19  1:37  Reaper  
  20  1:40  Orbital Command  
  20  1:42  Supply Depot  
  20  1:48  Factory  
  20  1:59  Bunker  
  20  2:06  SCV  
  21  2:09  Reaper  
  22  2:18  SCV  
  23  2:30  SCV  
  23  2:33  Widow Mine, Starport  
  26  2:42  SCV  
  27  2:54  SCV  
  27  2:57  Widow Mine  
  30  3:06  SCV  
  30  3:07  Command Center  
  30  3:09  Supply Depot  
  31  3:14  Medivac  
  31  3:18  SCV  
  31  3:19  Widow Mine  
  35  3:30  SCV  
  36  3:43  SCV  
  36  3:44  Factory Tech Lab  
  37  3:51  Barracks  
  37  3:52  Barracks  
  37  3:55  SCV  
  38  4:06  Barracks Reactor, Siege Tank  
  38  4:07  SCV  
  42  4:11  Starport Tech Lab  
  42  4:19  SCV  
  43  4:29  Orbital Command  
  43  4:31  SCV  
  47  4:43  SCV  
  44  4:46  Supply Depot  
  44  4:48  Supply Depot  
  44  4:52  Barracks Tech Lab  
  44  4:59  Marine x2  
  46  5:00  Siege Tank  
  46  5:08  SCV, Marine  
  46  5:09  Starport Reactor  
  46  5:11  Combat Shield, Marine  
  49  5:17  Marine  
  49  5:20  SCV  
  51  5:32  SCV  
  52  5:37  Marauder, Marine x2  
  52  5:39  Stimpack  
  56  5:44  SCV  
  56  5:46  Marine  
  56  5:47  Orbital Command  
  58  5:56  SCV  
  59  5:58  Marauder  
  59  5:59  Marine  
  62  6:07  Marine  
  62  6:08  Marine  
  62  6:11  SCV  
  61  6:19  Factory Reactor  
  61  6:23  SCV  
  61  6:25  Supply Depot  
  62  6:27  Engineering Bay, SCV, Marauder  
  62  6:31  Marine x2  
  62  6:32  Marauder  
  68  6:35  SCV  
  68  6:39  SCV  
  70  6:47  SCV, Medivac x2, Refinery  
  73  6:49  Supply Depot  
  73  6:50  Marine x2  
  73  6:51  Concussive Shells, SCV  
  77  6:57  Terran Infantry Weapons Level 1  
  77  6:59  Supply Depot  
  77  7:00  SCV  
  78  7:11  SCV, Marauder x2, Marine x2  
  78  7:13  SCV  
  78  7:15  Refinery  
  86  7:17  Supply Depot  
  86  7:23  SCV  
  87  7:32  Marine x2  
  87  7:33  Marauder  
  87  7:35  Marauder  
  93  7:39  Widow Mine x2  
  93  7:40  Medivac x2  
  93  7:43  Supply Depot  
  101  7:50  Marine  
  102  7:59  Command Center  
  102  8:05  Marauder, Marine  
  105  8:09  Marauder  
  104  8:19  Widow Mine x2  
  87  8:21  Medivac x2  
  87  8:26  Marauder  
  90  8:28  Marine x2  
  90  8:30  Marauder  
  90  8:31  SCV x2  
  96  8:41  Barracks  
  96  8:43  SCV x2  
  96  8:44  Barracks  
  96  8:46  Marine  
  96  8:47  Widow Mine x2  
  96  8:48  Marauder  
  102  8:51  Marauder  
  102  8:52  Supply Depot  
  102  8:54  Marine  
  105  9:03  SCV  
  106  9:12  Widow Mine x2, Marauder  
  106  9:13  Marine  
  106  9:14  Marine  
  106  9:15  Marauder  
  112  9:17  SCV  
  112  9:27  SCV  
  112  9:30  Medivac x2  
  115  9:32  Orbital Command  
  115  9:33  SCV  
  115  9:35  Terran Infantry Armor Level 1  
  115  9:37  Armory  
  116  9:40  SCV  
  116  9:45  SCV, Marine  
  118  9:46  Marauder x2, Marine  
  118  9:47  Barracks Reactor  
  118  9:48  Widow Mine  
  118  9:52  SCV  
  127  9:56  Supply Depot  
  127  9:57  SCV  
  127  9:59  Supply Depot, Marauder  
  130  10:01  Missile Turret  
  130  10:04  SCV x2  
  130  10:06  Marine  
  133  10:11  Engineering Bay  
  133  10:16  Missile Turret  
  133  10:18  Marauder, Marine  
  133  10:19  Marauder  
  138  10:22  Refinery  
  138  10:24  Refinery, Marauder, Marine x2  
  138  10:25  Marine  
  143  10:33  SCV x2  
  145  10:35  Marine  
  145  10:38  Terran Infantry Weapons Level 2  
  145  10:40  Missile Turret, Marauder  
  145  10:41  Supply Depot  
  145  10:42  Marine  
  149  10:50  Marauder  
  149  10:53  Marauder  
  149  10:57  Viking  
  149  10:58  Viking  
  149  11:00  Marine x2  
  149  11:01  Marauder, Marine  
  149  11:02  SCV x3  
  151  11:05  Ghost Academy  
  151  11:09  Marine  
  151  11:11  Marine  
  153  11:18  Marine x2  
  153  11:19  Marauder  
  153  11:23  Marauder  
  153  11:24  Supply Depot, Command Center  
  157  11:26  Supply Depot  
  157  11:28  Supply Depot  
  157  11:29  Marine  
  156  11:34  Supply Depot  
  156  11:43  Marauder  
  156  11:45  Marine x2, Ghost x2  
  156  11:46  Marine  
  163  11:49  Supply Depot  
  163  11:52  Widow Mine x2  
  167  11:57  Marine  
  167  11:58  Terran Infantry Armor Level 2  
  168  12:05  Barracks x2  
  168  12:07  Barracks  
  161  12:24  Marine, Ghost x3  
  161  12:25  Marine x2  
  161  12:27  Enhanced Shockwaves  
  170  12:32  Widow Mine  
  170  12:33  Medivac x2, Widow Mine  
  178  12:53  Barracks Tech Lab  
  178  12:54  Barracks Reactor  
  178  12:56  Barracks Tech Lab  
  178  12:57  Missile Turret, Planetary Fortress  
  178  12:58  SCV  
  179  12:59  Marauder x2, Marine x2  
  179  13:03  Ghost  
  187  13:09  Marine x2  
  189  13:12  Terran Infantry Weapons Level 3  
  189  13:16  Command Center  
  189  13:19  Ghost  
  189  13:20  Marauder  
  189  13:26  Marauder  
  195  13:28  Marauder, Marine  
  195  13:29  Marine x2  
  195  13:42  Marauder  
  195  13:44  Marauder, Marine  
  195  13:45  Marine x2  
  195  13:46  Marine x2  
  195  13:47  Viking, Marauder  
  199  13:58  Marine  
  199  14:02  Starport  
  198  14:03  Starport  
  198  14:05  Terran Ship Weapons Level 1  
  198  14:09  Fusion Core  
  193  14:13  Marauder x2  
  193  14:14  Marauder, Marine  
  193  14:15  Widow Mine  
  199  14:18  Terran Infantry Armor Level 3  
  195  14:28  Marauder x2  
  195  14:31  Marine  
  200  14:37  Viking  
  187  14:55  Starport Tech Lab x2  
  187  14:58  Marauder x2  
  177  15:04  Marauder x2  
  176  15:08  Marine  
  176  15:09  Marauder  
  176  15:10  Widow Mine x2  
  176  15:11  Marine x3  
  178  15:15  Medivac x2  
  178  15:18  Marine x2  
  178  15:19  Marauder  
  178  15:20  Battlecruiser, Marauder  
  188  15:24  Marine  
  188  15:25  Marine  
  188  15:26  Marine  
  189  15:28  Marine  
  189  15:29  Marine x3  
  189  15:35  Orbital Command  
  193  15:40  Refinery  
  193  15:41  Battlecruiser  
  199  15:43  Weapon Refit  
  199  15:51  SCV  
  199  15:55  Sensor Tower  
  198  16:09  Missile Turret  
  198  16:11  Hi-Sec Auto Tracking, Terran Ship Weapons Level 2  
  198  16:15  Refinery, Missile Turret  
  198  16:16  Refinery, Command Center  
  190  16:29  Marauder  
  190  16:30  Marine  
  190  16:31  Marauder  
  190  16:32  Widow Mine x2, Marauder  
  190  16:39  Battlecruiser  
  182  16:40  Marine  
  182  16:41  Marine  
  182  16:46  SCV x2, Command Center  
  186  16:52  Marine x4  
  190  16:55  Neosteel Armor  
  185  17:03  Marine  
  185  17:04  Marauder x2  
  173  17:13  Marauder x2, Marine  
  172  17:15  Battlecruiser  
  172  17:16  Marine x2  
  172  17:19  Marine  
  175  17:34  Command Center  
  177  17:37  Marauder  
  177  17:50  Medivac x2  
  178  17:55  Ghost  
  178  17:56  Ghost  
  163  18:06  Marine  
  163  18:07  Marauder x2, Marine x4  
  155  18:13  Marauder  
  155  18:14  Marine  
Show
View Real Time Build Order
Export as new Build Order

Harstem Protoss 

Build Orders: 1 Gate Expand 

Get SALT Encoding   

  12  0:00  Probe  
  13  0:12  Probe  
  14  0:17  Pylon  
  14  0:24  Probe (Chrono Boost)  
  15  0:36  Probe (Chrono Boost), Gateway  
  16  0:44  Probe (Chrono Boost)  
  18  1:07  Nexus  
  17  1:13  Assimilator  
  17  1:17  Probe  
  18  1:30  Probe  
  18  1:32  Cybernetics Core  
  21  1:42  Probe  
  21  1:44  Pylon  
  20  1:48  Zealot (Chrono Boost)  
  22  1:56  Probe  
  22  1:59  Assimilator  
  23  2:08  Probe  
  23  2:12  Adept (Chrono Boost)  
  26  2:16  Warp Gate  
  26  2:21  Probe x2  
  27  2:32  Stalker (Chrono Boost)  
  27  2:33  Probe  
  31  2:39  Shield Battery  
  27  2:51  Probe  
  27  2:52  Stalker (Chrono Boost)  
  27  2:53  Probe  
  31  3:08  Gateway  
  31  3:10  Gateway  
  31  3:15  Probe  
  31  3:16  Probe  
  34  3:27  Probe  
  34  3:28  Probe  
  35  3:39  Probe (Chrono Boost)  
  37  3:45  Probe (Chrono Boost)  
  37  3:50  Probe (Chrono Boost)  
  37  3:51  Pylon  
  37  3:55  Probe x2 (Chrono Boost)  
  39  4:00  Shield Battery  
  39  4:03  Stalker  
  39  4:04  Stalker  
  39  4:06  Probe  
  39  4:09  Stalker  
  46  4:11  Probe  
  47  4:18  Probe  
  49  4:24  Robotics Facility  
  48  4:32  Stalker  
  48  4:40  Probe  
  48  4:51  Stalker  
  50  4:54  Zealot  
  50  4:55  Probe  
  50  4:56  Probe  
  54  5:02  Pylon  
  54  5:07  Pylon  
  54  5:20  Observer (Chrono Boost), Probe (Chrono Boost), Stalker  
  54  5:23  Twilight Council  
  54  5:24  Probe (Chrono Boost)  
  54  5:31  Probe (Chrono Boost)  
  54  5:35  Probe (Chrono Boost)  
  56  5:36  Probe (Chrono Boost)  
  56  5:38  Stalker  
  56  5:39  Stalker  
  61  5:44  Probe  
  61  5:46  Probe  
  62  5:51  Stalker  
  62  5:55  Blink (Chrono Boost)  
  62  5:56  Probe  
  65  5:58  Probe  
  66  6:08  Probe  
  66  6:10  Probe  
  65  6:21  Probe  
  65  6:22  Assimilator  
  65  6:23  Probe  
  65  6:24  Assimilator  
  67  6:35  Robotics Bay, Probe  
  67  6:39  Probe  
  68  6:47  Probe  
  68  6:48  Nexus  
  68  6:49  Pylon  
  68  6:53  Pylon  
  69  6:56  Probe  
  70  7:04  Probe  
  70  7:07  Observer (Chrono Boost)  
  70  7:08  Sentry, Stalker x2  
  73  7:12  Probe  
  73  7:13  Forge  
  78  7:16  Probe  
  78  7:17  Pylon  
  79  7:23  Pylon  
  79  7:24  Probe  
  79  7:25  Colossus (Chrono Boost)  
  86  7:32  Pylon  
  86  7:35  Probe  
  86  7:36  Probe  
  88  7:44  Extended Thermal Lance  
  88  7:48  Protoss Ground Weapons Level 1 (Chrono Boost)  
  88  7:49  Probe  
  89  7:51  Probe  
  89  7:52  Pylon  
  89  7:56  Zealot x2  
  94  8:00  Stalker  
  94  8:03  Probe  
  97  8:09  Probe  
  90  8:19  Colossus (Chrono Boost), Probe  
  83  8:21  Sentry  
  83  8:22  Zealot  
  83  8:24  Observer  
  92  8:32  Gateway  
  92  8:34  Gateway  
  92  8:35  Gateway  
  92  8:38  Gateway x2  
  92  8:40  Sentry  
  93  8:57  Zealot x2  
  93  9:04  Probe  
  93  9:06  Nexus  
  86  9:10  Stalker  
  86  9:12  Probe x2  
  88  9:19  Stalker x2  
  88  9:20  Probe  
  88  9:24  Probe  
  94  9:26  Probe  
  94  9:29  Warp Prism  
  94  9:31  Pylon  
  97  9:32  Phoenix, Probe  
  97  9:33  Pylon  
  97  9:37  Forge, Pylon  
  98  9:39  Zealot, Sentry  
  98  9:44  Charge (Chrono Boost)  
  102  9:45  Zealot x2  
  102  9:49  Probe  
  102  9:51  Probe  
  108  9:56  Zealot  
  108  9:58  Protoss Ground Weapons Level 2 (Chrono Boost)  
  110  10:00  Zealot  
  110  10:02  Probe  
  110  10:04  Shield Battery, Observer  
  110  10:07  Disruptor (Chrono Boost), Templar Archives  
  116  10:15  Zealot, Protoss Ground Armor Level 1 (Chrono Boost)  
  116  10:20  Zealot  
  120  10:23  Probe  
  120  10:24  Probe x2  
  120  10:25  Probe  
  124  10:29  Zealot x2  
  128  10:36  Stalker  
  128  10:42  Shield Battery, Zealot  
  132  10:43  Zealot  
  132  10:44  Pylon  
  132  10:49  Pylon  
  130  10:56  Observer (Chrono Boost)  
  121  11:02  Nexus  
  121  11:03  Probe  
  117  11:10  Observer  
  117  11:11  High Templar  
  116  11:12  Probe  
  116  11:13  Disruptor (Chrono Boost), Photon Cannon, High Templar  
  116  11:14  Zealot x2  
  124  11:18  Zealot, Archon  
  124  11:19  Zealot  
  124  11:23  Assimilator  
  124  11:24  Probe  
  129  11:34  Zealot x4  
  129  11:36  Probe  
  136  11:43  Disruptor (Chrono Boost)  
  135  11:50  Stalker x3  
  141  11:57  Pylon  
  141  11:59  Observer  
  141  12:00  Pylon x2  
  141  12:06  Pylon  
  141  12:14  Probe x3  
  144  12:16  Photon Cannon  
  144  12:17  Pylon  
  144  12:22  Protoss Ground Armor Level 2 (Chrono Boost)  
  138  12:31  Zealot x5  
  138  12:32  Disruptor (Chrono Boost), Zealot  
  151  12:37  Robotics Facility  
  151  12:49  Observer  
  149  12:54  Zealot x7  
  163  13:02  Gravitic Boosters  
  163  13:04  Protoss Ground Weapons Level 3 (Chrono Boost)  
  163  13:15  High Templar x2  
  163  13:17  Nexus  
  163  13:18  Pylon  
  170  13:20  Probe x2, Photon Cannon  
  170  13:21  Disruptor (Chrono Boost), Archon  
  170  13:24  Probe x2, Assimilator  
  172  13:29  Observer (Chrono Boost)  
  172  13:34  Zealot x5  
  178  13:44  Zealot  
  178  13:48  Stalker  
  178  13:55  Zealot x6  
  186  14:09  Observer  
  180  14:12  Zealot x2  
  180  14:13  Colossus  
  180  14:14  Disruptor  
  177  14:17  Zealot x5  
  186  14:28  Probe  
  186  14:30  Photon Cannon  
  187  14:34  Probe, Photon Cannon x2  
  184  14:41  Zealot x3  
  163  14:56  Stalker x4  
  163  14:57  Stalker  
  163  14:58  Disruptor (Chrono Boost)  
  174  15:05  Zealot x3  
  174  15:10  Protoss Ground Armor Level 3 (Chrono Boost)  
  158  15:14  Disruptor (Chrono Boost)  
  158  15:17  Observer  
  156  15:22  Stalker x5  
  169  15:36  High Templar  
  169  15:37  Disruptor (Chrono Boost), Sentry, High Templar  
  169  15:39  Observer  
  169  15:41  Observer  
  169  15:42  Pylon  
  175  15:43  Archon  
  175  15:46  Nexus  
  175  15:48  Probe, Stalker  
  175  15:49  Stalker x2, Pylon  
  182  15:57  Zealot x2  
  186  16:04  Observer  
  182  16:18  Pylon  
  162  16:25  Observer  
  162  16:27  Pylon  
  162  16:29  Zealot x8  
  167  16:36  Probe  
  167  16:39  Disruptor (Chrono Boost)  
  154  16:42  Photon Cannon  
  154  16:44  Probe x2  
  154  16:46  Photon Cannon  
  159  16:51  Stalker x2  
  146  17:14  Disruptor  
  140  17:19  Stalker x8  
  140  17:22  Probe x2  
  153  17:37  Disruptor (Chrono Boost)  
  151  17:47  Stalker x2  
  151  17:48  Stalker x6  
  165  17:54  Probe  
  165  17:58  Disruptor (Chrono Boost)  
  165  18:00  Dark Shrine  
  112  18:21  Stalker x4  
  112  18:22  Zealot x4  
Tags
 
Add a new tag
Caveats
  • Supply blocks, unpowered buildings, or Contaminate may cause inaccurate times.
  • Supply counts are checked every 10 seconds.